 Dungeon Crawl Stone Soup version 0.30-a0-614-ge5ea1257c2 (webtiles) character file.

Game seed: 6045353627576093756

926 Decipherer the Cudgeller (level 7, -4/63 HPs)
             Began as a Minotaur Berserker on Jan 9, 2023.
             Was an Elder of Trog.
             Succumbed to Sigmund's poison
             ... on level 5 of the Dungeon.
             The game lasted 00:05:03 (5188 turns).

Decipherer the Cudgeller (Minotaur Berserker)       Turns: 5188, Time: 00:05:04

Health: -4/63      AC:  7    Str: 23    XL:     7   Next: 85%
Magic:  6/6        EV: 12    Int:  4    God:    Trog [****..]
Gold:   202        SH:  0    Dex: 10    Spells: 6/6 levels left

rFire   . . .      SeeInvis .    w - +0 morningstar
rCold   . . .      Faith    .    (no shield)
rNeg    . . .      Spirit   .    l - +0 ring mail
rPois   .          Reflect  .    (helmet restricted)
rElec   .          Harm     .    c - +0 cloak
rCorr   .          Rampage  .    (no gloves)
Will    .....                    (no boots)
Stlth   +                        (no amulet)
HPRegen 0.30/turn                (no ring)
MPRegen 0.10/turn                (no ring)

@: brilliant, lethally poisoned (-4 -> -28), on berserk cooldown, slowed, very
slow
A: horns 2, retaliatory headbutt
a: Renounce Religion, Berserk, Trog's Hand, Brothers in Arms


You were on level 5 of the Dungeon.
You worshipped Trog.
Trog was greatly pleased with you.
You visited 1 branch of the dungeon, and saw 5 of its levels.
You also visited: Sewer.

You collected 202 gold pieces.

Inventory:

Hand Weapons
 a - a +0 mace
 w - a +0 morningstar (weapon)
Missiles
 i - 34 poisoned darts
 m - 3 silver boomerangs
 y - a curare-tipped dart
Armour
 c - a +0 cloak (worn)
 l - a +0 ring mail (worn)
 t - a +0 pair of boots
Jewellery
 A - a +6 ring of intelligence
Wands
 z - a wand of iceblast (6)
Scrolls
 b - 4 scrolls of identify {unknown}
 e - a scroll of summoning {unknown}
 f - 3 scrolls of enchant armour {unknown}
 h - 3 scrolls of teleportation {unknown}
 n - a scroll of magic mapping {unknown}
 u - a scroll of immolation {unknown}
 v - a scroll of amnesia {unknown}
 B - a scroll of fog {unknown}
Potions
 d - 3 potions of curing
 g - a potion of mutation {unknown}
 j - a potion of might {unknown}
 k - a potion of brilliance
 o - 2 potions of flight {unknown}
 p - a potion of cancellation {unknown}
 q - a potion of lignification {unknown}
 r - 2 potions of berserk rage {unknown}
 s - a potion of heal wounds {unknown}
 x - a potion of invisibility {unknown}


   Skills:
 + Level 6.0 Fighting
 + Level 7.9 Maces & Flails
 + Level 5.9 Armour
 + Level 3.8 Dodging
 + Level 0.6 Stealth


You had 6 spell levels left.
You didn't know any spells.
Your spell library contained the following spells:

 Spells                   Type           Power      Damage    Failure   Level
 Shock                    Conj/Air       0%         1d3       65%         1
 Swiftness                Air            0%         N/A       95%         3
 Airstrike                Air            0%         2d(0-16)  100%        4
 Alistair's Intoxication  Tmut/Pois      0%         N/A       100%        5
 Borgnjor's Vile Clutch   Necr/Erth      0%         N/A       100%        5
 Eringya's Noxious Bog    Tmut/Pois      0%         N/A       100%        6


Dungeon Overview and Level Annotations

Branches:
Dungeon (5/15)             Temple (0/1) D:5           Sewer (visited)

Altars:
Fedhas
Gozag
Hepliaklqana
Kikubaaqudgha
Ru
Xom
Zin

Annotations:
D:5 Sigmund


Innate Abilities, Weirdness & Mutations

You have a pair of horns on your head.
You reflexively headbutt those who attack you in melee.


Message History

You are more poisoned.
The gnoll hits you with a +0 halberd! The gnoll hits you with a +0 spear.
You miss something.
You feel very sick.
You miss something. Your headbutt misses something.
You feel sick. Something hits you but does no damage.
The gnoll hits you with a +0 halberd!
* * * LOW HITPOINT WARNING * * *
The gnoll hits you but does no damage.
You miss something. Your headbutt misses something.
You feel sick. The gnoll hits you with a +0 halberd.
* * * LOW HITPOINT WARNING * * *
The gnoll closely misses you.
You closely miss something.
You feel sick. Something hits you.
* * * LOW HITPOINT WARNING * * *
You are lethally poisoned!
You barely miss something. Your headbutt misses something.
* * * LOW HITPOINT WARNING * * *
You feel very sick. The gnoll barely misses you.
The gnoll hits you with a +0 spear.
* * * LOW HITPOINT WARNING * * *
You are too berserk!
* * * LOW HITPOINT WARNING * * *
You feel sick.
You hear some strange, mumbled words.
You are confused.
The gnoll misses you. The gnoll barely misses you.
You see here a fizzy golden potion.
You feel a strong urge to attack something.
You are no longer berserk.
You are exhausted.
You feel yourself slow down.
* * * LOW HITPOINT WARNING * * *
You feel sick.
It was a potion of curing.
You feel better. Something hits you!
* * * LOW HITPOINT WARNING * * *
You are lethally poisoned!
The orc throws a javelin.
The javelin barely misses you.
It was a potion of brilliance.
You feel clever all of a sudden.
You die...

## # .# #<##.######
######.#.......#
########....#.ogg....#
#..)..##.##.###)#
##.###.##......#!#
..[..#.##..#.#.#@#
.#.#.#.##..#.....#
.#...#........####
#########.....#
......# #.#...#
#####.###.###.#
...........##.#
...........##.#
...........##..


You could see 2 gnolls and an orc.

Vanquished Creatures
  A phantom (D:5)
  3 kobold brigands
  A scorpion (D:5)
  A howler monkey (D:5)
  3 hounds (D:5)
  An orc priest (D:3)
  An iguana (D:4)
  An orc wizard (D:5)
  Robin (D:3)
  2 gnolls (D:5)
  6 river rats (D:3)
  14 adders
  A shadow imp (D:5)
  2 ufetubi
  4 dart slugs
  11 orcs
  11 ball pythons
  10 endoplasms
  4 giant cockroaches
  8 hobgoblins
  8 jackals
  5 quokkas
  6 bats
  2 frilled lizards
  17 goblins
  15 kobolds
  14 rats
153 creatures vanquished.

Notes
Turn   | Place    | Note
-------+----------+-------------------------------------------
     0 | D:1      | Decipherer the Minotaur Berserker began the quest for the
                  | Orb.
     0 | D:1      | Reached XP level 1. HP: 19/19 MP: 0/0
   265 | D:1      | Reached skill level 4 in Maces & Flails
   265 | D:1      | Reached XP level 2. HP: 27/27 MP: 1/1
  1048 | D:2      | Reached XP level 3. HP: 27/33 MP: 2/2
  1267 | D:2      | Reached ** piety under Trog
  1630 | D:2      | Found a faded altar of an unknown god.
  1788 | D:2      | Reached XP level 4. HP: 41/41 MP: 3/3
  1849 | D:3      | Found an opulent altar of Gozag.
  1849 | D:3      | Noticed Robin
  1872 | D:3      | Killed Robin
  1873 | D:3      | Reached skill level 5 in Maces & Flails
  2056 | D:3      | Reached XP level 5. HP: 45/47 MP: 4/4
  2216 | D:3      | Reached skill level 6 in Maces & Flails
  2249 | D:3      | Reached *** piety under Trog
  2280 | D:3      | Found a glowing drain.
  2290 | Sewer    | Entered a sewer
  2412 | Sewer    | Reached XP level 6. HP: 55/55 MP: 5/5
  2498 | Sewer    | Reached skill level 5 in Fighting
  3172 | D:3      | Found a hazy altar of Hepliaklqana.
  3605 | D:4      | Found an ancient bone altar of Kikubaaqudgha.
  3628 | D:4      | Found a shimmering altar of Xom.
  3628 | D:4      | Found a blossoming altar of Fedhas.
  3629 | D:4      | Found a sacrificial altar of Ru.
  3737 | D:4      | Reached **** piety under Trog
  4284 | D:4      | Found a glowing silver altar of Zin.
  4453 | D:5      | Entered Level 5 of the Dungeon
  4465 | D:5      | Reached skill level 7 in Maces & Flails
  4465 | D:5      | Reached skill level 5 in Armour
  4465 | D:5      | Reached XP level 7. HP: 61/61 MP: 6/6
  4709 | D:5      | Found a staircase to the Ecumenical Temple.
  5171 | D:5      | Noticed Sigmund
  5186 | D:5      | HP: 2/63 [poisoned by Sigmund]
  5188 | D:5      | Succumbed to Sigmund's poison

Illustrated notes

Levels and vault maps discovered:
D:1:      tekkud_arrival_beachfront_property, layout_basic, minmay_tetromino_l2
D:2:      layout_basic, ebering_ecumenical_altar_box
D:3:      layout_loops_ring, pf_just_have_faith,
          nicolae_gozag_cash_rules_everything_around_me,
          lightli_sewer_entry_pipes, uniq_robin
D:4:      layout_basic, kennysheep_little_box, zin_academy,
          chequers_temple_overflow_statue_of_worship,
          hangedman_decor_diamond_cutter
D:5:      layout_basic, minmay_temple_entry_glassed_door,
          hangedman_decor_slide_cut, minmay_strange_pillars, uniq_sigmund

Skill      XL: |  1  2  3  4  5  6  7 |
---------------+----------------------+-----
Maces & Flails | 4 5 6 7 |  7.9
Fighting       | 4 5 6 |  6.0
Armour         | 3 5 |  5.9
Dodging        | 3 |  3.8
Stealth        | |  0.6

Action                   |  1- 3 |  4- 6 |  7- 9 || total
-------------------------+-------+-------+-------++-------
Melee: Mace              |    68 |   225 |    41 ||   334
       Headbutt          |     7 |    25 |    10 ||    42
       Punch             |       |     2 |       ||     2
       Morningstar       |       |       |    40 ||    40
Invok: Berserk           |     2 |     3 |     1 ||     6
  Use: Potion            |       |       |     2 ||     2
 Stab: Sleeping          |     1 |       |       ||     1
Armor: Animal skin       |    11 |       |       ||    11
       Ring mail         |     5 |    92 |    28 ||   125
Dodge: Dodged            |    42 |   124 |    48 ||   214

Table legend: (Time is in decaauts)
 A = Elapsed time spent in this place.
 B = Non-inter-level travel time spent in this place.
 C = Inter-level travel time spent in this place.
 D = Time resting spent in this place.
 E = Time spent auto-exploring this place.
 F = Levels seen in this place.
 G = Mean time per level.
                   A        B        C        D        E       F      G
               +--------+--------+--------+--------+--------+-----+--------+
         Total |   5395 |   5181 |    214 |      0 |   4077 |   6 |  899.2 |
       Dungeon |   4588 |   4374 |    214 |      0 |   3524 |   5 |  917.6 |
         Sewer |    807 |    807 |      0 |      0 |    553 |   1 |  807.0 |
               +--------+--------+--------+--------+--------+-----+--------+

Top non-repeatable levels by time:
     D:1: 1027 daAuts
     D:4: 945 daAuts
     D:3: 937 daAuts
     D:2: 933 daAuts
   Sewer: 807 daAuts
     D:5: 744 daAuts
